 Dungeon Crawl Stone Soup version 0.31-a0-986-g5e6e4ef867 (webtiles) character file.

Game seed: 9801351972316460303

229 Frost42 the Ruffian (level 5, -2/52 HPs)
             Began as a Troll Gladiator on Nov 7, 2023.
             Slain by Grinder (4 damage)
             ... on level 4 of the Dungeon.
             The game lasted 00:17:42 (3296 turns).

Frost42 the Ruffian (Troll Gladiator)               Turns: 3296, Time: 00:17:43

Health: -2/52      AC:  5    Str: 24    XL:     5   Next: 71%
Magic:  4/4        EV: 10    Int:  4    God:
Gold:   183        SH:  0    Dex: 11    Spells: 4/4 levels left

rFire   . . .        u - +2 quarterstaff (chaos)
rCold   . . .        (shield currently unavailable)
rNeg    . . .        a - +0 robe
rPois   .            b - +0 hat
rElec   .            v - +0 cloak
rCorr   .            (gloves unavailable)
SInv    .            (boots unavailable)
Will    .....        (no amulet)
Stlth   +            (no ring)
HPRegen 1.08/turn    (no ring)
MPRegen 0.09/turn

%: no passive effects
@: no status effects
A: large, unfitting armour, claws 3, regeneration 1, shaggy fur 1, tough skin 1
a: no special abilities


You were on level 4 of the Dungeon.
You visited 1 branch of the dungeon, and saw 4 of its levels.

You collected 183 gold pieces.

Inventory:

Hand Weapons
 n - a +1 dagger of electrocution
 q - a +1 dagger of venom
 r - a +2 mace of protection
 u - a +2 quarterstaff of chaos (weapon)
 w - a +0 hammer
Missiles
 c - 3 throwing nets
 d - a large rock
 f - 12 stones (quivered)
Armour
 a - a +0 robe (worn)
 b - a +0 hat (worn)
 v - a +0 cloak (worn)
Scrolls
 g - 2 scrolls of fog
 h - 3 scrolls of fear
 j - a scroll of poison {unknown}
 k - 2 scrolls of teleportation
 m - a scroll of brand weapon {unknown}
 p - a scroll of enchant armour {unknown}
 t - a scroll of torment {unknown}
Potions
 e - 3 potions of heal wounds
 i - a potion of curing {unknown}
 l - a potion of berserk rage {unknown}
 o - a potion of mutation {unknown}
 s - a potion of invisibility {unknown}
 x - a potion of degeneration {unknown}


   Skills:
 + Level 2.8 Fighting
 + Level 0.0 Maces & Flails
 + Level 3.1 Throwing
 + Level 3.4 Dodging
 - Level 4.1 Unarmed Combat


You had 4 spell levels left.
You didn't know any spells.
Your spell library contained the following spells:

 Spells                   Type           Power      Damage    Failure   Level
 Blink                    Tloc           0%         N/A       65%         2
 Animate Dead             Necr           0%         N/A       99%         4
 Manifold Assault         Tloc           0%         N/A       99%         4
 Haunt                    Necr/Summ      0%         N/A       100%        7
 Infestation              Necr           0%         N/A       100%        8


Dungeon Overview and Level Annotations

Branches:
Dungeon (4/15)
 Temple: D:4-7

Altars:
Dithmenos
Fedhas
Uskayaw
Wu Jian

Annotations:
D:4 Grinder


Innate Abilities, Weirdness & Mutations

You are too large for most types of armour.
You have claws for hands.
Your natural rate of healing is unusually fast.
You are covered in fur. (AC +1)
You have tough skin. (AC +1)


Message History

Found a stone staircase leading down.
Grinder gestures at you.
You suddenly lose the ability to move!
The hobgoblin hits you but does no damage.
The hobgoblin hits you but does no damage.
You can move again.
You see here 12 gold pieces.
The hobgoblin hits you.
You closely miss the hobgoblin. Grinder completely misses you.
The hobgoblin hits you.
The hobgoblin hits you but does no damage.
Grinder closely misses you.
You hit the hobgoblin.
You kill the hobgoblin!
Grinder hits you.
You writhe in agony.
Grinder blinks!
You see here 12 gold pieces.
A jelly comes into view.
The jelly quivers.
Grinder hits you but does no damage.
You closely miss Grinder. Grinder gestures at you.
You resist with significant effort.
You hit Grinder but do no damage.
Grinder goes berserk!
Grinder hits you but does no damage. Grinder hits you!
You barely miss Grinder. Grinder hits you.
You writhe in agony.
Grinder hits you but does no damage.
A giant cockroach comes into view.
You closely miss Grinder. Grinder hits you!
You writhe in agony.
The jelly jiggles.
Grinder hits you!
* * * LOW HITPOINT WARNING * * *
You writhe in agony.
* * * LOW HITPOINT WARNING * * *
You barely miss Grinder. Grinder barely misses you.
The jelly hits you but does no damage. Grinder hits you!
* * * LOW HITPOINT WARNING * * *
You writhe in agony.
You die...
Grinder says, "Now the real fun starts!"

#..##.#. .. ........
....##.. ..... ..##....
...##.. ..>.. .....# #..
..# ...... .###.#
#..##.# ...... ..#..#
#.##..###...... .....#
#.#....#.......
#....#####.......J......
#....)........$.@5.....#
#..##.................##
#..#..#................#
#..#.##...............##
..... ##....B...........
..#.. #......##........
..#.. ......_.##_..####.
..### .#...#####....


You could see Grinder (berserk), a jelly and a giant cockroach.

Vanquished Creatures
  Crazy Yiuf (D:3)
  Jessica (D:3)
  Natasha (thrice) (D:3)
  3 adders
  3 worms
  A dart slug (D:1)
  5 endoplasms
  A giant cockroach (D:2)
  9 hobgoblins
  6 kobolds
  7 quokkas
  3 ball pythons
  5 bats
  4 frilled lizards (D:1)
  7 goblins
  3 rats
62 creatures vanquished.

Notes
Turn   | Place    | Note
-------+----------+-------------------------------------------
     0 | D:1      | Frost42 the Troll Gladiator began the quest for the Orb.
     0 | D:1      | Reached XP level 1. HP: 19/19 MP: 0/0
   152 | D:1      | Reached XP level 2. HP: 25/28 MP: 1/1
   976 | D:2      | Reached XP level 3. HP: 35/35 MP: 2/2
  1844 | D:3      | Identified the of Hyuqe
  1988 | D:3      | Reached XP level 4. HP: 42/42 MP: 3/3
  2234 | D:3      | Noticed Natasha
  2239 | D:3      | Killed Natasha
  2423 | D:3      | Noticed Jessica
  2431 | D:3      | Killed Jessica
  2480 | D:3      | Reached XP level 5. HP: 50/50 MP: 4/4
  2613 | D:3      | Noticed Natasha
  2617 | D:3      | Killed Natasha
  2813 | D:3      | Noticed Natasha
  2819 | D:3      | Killed Natasha
  2820 | D:3      | Reached skill level 4 in Unarmed Combat
  2975 | D:3      | Found a runed translucent door.
  2976 | D:3      | Noticed Crazy Yiuf
  2981 | D:3      | Killed Crazy Yiuf
  3204 | D:4      | Noticed a +0 dagger
  3204 | D:4      | Noticed a +0 hand axe
  3204 | D:4      | Found a hide-covered altar of Uskayaw.
  3243 | D:4      | Found a blossoming altar of Fedhas.
  3259 | D:4      | Found an ornate altar of the Wu Jian Council.
  3277 | D:4      | Found a shadowy altar of Dithmenos.
  3280 | D:4      | Noticed Grinder
  3282 | D:4      | Paralysed by Grinder for 2 turns
  3296 | D:4      | HP: 2/52 [Grinder (8)]
  3296 | D:4      | Slain by Grinder

Illustrated notes

Levels and vault maps discovered:
D:1:      pf_arrival_petrified_forest, layout_loops_ring
D:2:      layout_loops_ring, moated_statue
D:3:      layout_basic, uniq_crazy_yiuf_cottage, uniq_jessica, uniq_natasha
D:4:      layout_cave_pools, mainiacjoe_overflow_small_starburst,
          dancing_weapons_uskayaw, nicolae_overflow_macrodata_refinement,
          nicolae_shop_i_like_small_books_too, uniq_grinder

Skill      XL: |  1  2  3  4  5 |
---------------+----------------+-----
Throwing       | 2 3 |  3.1
Fighting       | 2 |  2.8
Dodging        | 3 |  3.4
Unarmed Combat | 4 |  4.1

Action                     |  1- 3 |  4- 6 || total
---------------------------+-------+-------++-------
  Melee: Unarmed           |   105 |    86 ||   191
         Quarterstaff      |       |     8 ||     8
         Punch             |       |     5 ||     5
  Throw: Stone             |     8 |    12 ||    20
    Use: Scroll            |     3 |     1 ||     4
   Stab: Sleeping          |     1 |       ||     1
 Armour: Robe              |    83 |    38 ||   121
  Dodge: Dodged            |    83 |    12 ||    95

Table legend: (Time is in decaauts)
 A = Elapsed time spent in this place.
 B = Non-inter-level travel time spent in this place.
 C = Inter-level travel time spent in this place.
 D = Time resting spent in this place.
 E = Time spent auto-exploring this place.
 F = Levels seen in this place.
 G = Mean time per level.
                   A        B        C        D        E       F      G
               +--------+--------+--------+--------+--------+-----+--------+
         Total |   3286 |   2850 |    436 |      0 |    576 |   4 |  821.5 |
       Dungeon |   3286 |   2850 |    436 |      0 |    576 |   4 |  821.5 |
               +--------+--------+--------+--------+--------+-----+--------+

Top non-repeatable levels by time:
     D:3: 1322 daAuts
     D:2: 972 daAuts
     D:1: 932 daAuts
     D:4: 58 daAuts
